 Dungeon Crawl Stone Soup version 0.27-a0-1065-ge809cff456 (webtiles) character file.

Game seed: 7756492371184825258

47 leviel the Skirmisher (level 3, -2/33 HPs)
             Began as a Hill Orc Fighter on Apr 22, 2021.
             Slain by a phantom (8 damage)
             ... on level 2 of the Dungeon.
             The game lasted 00:02:21 (1252 turns).

leviel the Skirmisher (Hill Orc Fighter)            Turns: 1252, Time: 00:02:22

Health: -2/33      AC:  8    Str: 19    XL:     3   Next: 70%
Magic:  3/3        EV:  7    Int:  8    God:
Gold:   57         SH:  9    Dex: 10    Spells: 2/2 levels left

rFire    + . .     SeeInvis .   a - +0 war axe
rCold    . . .     Faith    .   c - +0 kite shield
rNeg     . . .     Spirit   .   b - +0 scale mail
rPois    .         Reflect  .   (no helmet)
rElec    .         Harm     .   (no cloak)
rCorr    .         Rampage  .   j - +0 pair of gloves
Will     .....                  (no boots)
Stlth    ..........             (no amulet)
HPRegen  0.11/turn              k - ring of protection from fire
MPRegen  0.08/turn              (no ring)

@: mighty
A: no striking features
a: no special abilities


You were on level 2 of the Dungeon.
You visited 1 branch of the dungeon, and saw 2 of its levels.

You collected 57 gold pieces.

Inventory:

Hand Weapons
 a - a +0 war axe (weapon)
Armour
 b - a +0 scale mail (worn)
 c - a +0 kite shield (worn)
 j - a +0 pair of gloves (worn)
Jewellery
 k - a ring of protection from fire (left hand)
Scrolls
 f - 2 scrolls of fear {unknown}
 h - a scroll of vulnerability {unknown}
 i - a scroll of amnesia {unknown}
Potions
 e - 2 potions of heal wounds {unknown}
 g - a potion of flight {unknown}


   Skills:
 + Level 4.1 Fighting
 + Level 3.5 Axes
 + Level 3.7 Armour
 + Level 0.3 Dodging
 + Level 3.8 Shields


You had 2 spell levels left.
You didn't know any spells.
Your spell library contained the following spells:

 Spells                   Type           Power      Damage    Failure   Level
 Corona                   Hex            0%         N/A       99%         1
 Ensorcelled Hibernation  Hex/Ice        0%         N/A       100%        2
 Confusing Touch          Hex            0%         N/A       100%        3
 Dazzling Flash           Conj/Hex       0%         N/A       100%        3
 Tukima's Dance           Hex            0%         N/A       100%        3


Dungeon Overview and Level Annotations

Branches:
Dungeon (2/15)

Altars:


Message History

You slash the rat!
You kill the rat!
You feel very mighty all of a sudden.
You barely miss the phantom. The phantom barely misses you.
You completely miss the phantom. You block the phantom's attack.
The phantom closely misses you.
You miss the phantom.
The phantom hits you but does no damage.
The phantom hits you.
Your shield and scale mail prevent you from hitting the phantom.
The phantom hits you but does no damage.
You closely miss the phantom. The phantom closely misses you.
The phantom barely misses you.
You slash the phantom!
The phantom is heavily damaged.
You block the phantom's attack.
You closely miss the phantom.
The phantom is heavily damaged.
The phantom hits you but does no damage.
The phantom barely misses you.
You miss the phantom.
The phantom is heavily damaged.
The phantom hits you.
The phantom blinks!
You blink.
The phantom hits you.
You barely miss the phantom.
The phantom is heavily damaged.
The phantom hits you.
The phantom blinks!
You blink.
The phantom hits you but does no damage.
You miss the phantom.
The phantom is heavily damaged.
You block the phantom's attack.
You barely miss the phantom.
The phantom is moderately damaged.
You block the phantom's attack. x2
You barely miss the phantom.
The phantom is moderately damaged.
The phantom hits you!
* * * LOW HITPOINT WARNING * * *
The phantom blinks!
You blink.
The phantom hits you!
You die...

#.......... #.....# ...
.........# ######.....##...
#........###...............
#.#.##.................(.##
#.#.)........#§...........#
#.#....#......§............
....†......................
$...)......................
................@..........
#..............W.......!...
#.........................#
.........................##
..#...<...........####.###
.###..............# ... .
..#...........# ###.
...........# ..........#


You could see a phantom.

Vanquished Creatures
  An adder (D:2)
  An adder zombie (D:2)
  3 endoplasms (D:1)
  A giant cockroach (D:1)
  5 hobgoblins
  4 jackals (D:1)
  2 quokkas (D:2)
  A ball python (D:1)
  2 bats (D:1)
  2 frilled lizards (D:1)
  4 goblins
  4 kobolds
  2 rats
32 creatures vanquished.

Notes
Turn   | Place    | Note
-------+----------+-------------------------------------------
     0 | D:1      | leviel the Hill Orc Fighter began the quest for the Orb.
     0 | D:1      | Reached XP level 1. HP: 19/19 MP: 1/1
   259 | D:1      | Reached XP level 2. HP: 27/27 MP: 2/2
   297 | D:1      | Found a faded altar of an unknown god.
   842 | D:1      | Reached XP level 3. HP: 28/33 MP: 3/3
  1188 | D:2      | Reached skill level 4 in Fighting
  1236 | D:2      | Noticed a phantom
  1252 | D:2      | Slain by a phantom

Illustrated notes

Levels and vault maps discovered:
D:1:      dpeg_arrival_more_subterranean_lakeside_camping, layout_basic,
          chequers_ecumenical_altar_twisty
D:2:      layout_rooms, minmay_pentomino_r2, uniq_jessica

Skill      XL: |  1  2  3 |
---------------+----------+-----
Axes           | 3 |  3.5
Fighting       | 4 |  4.1
Armour         | |  3.7
Dodging        | |  0.3
Shields        | |  3.8

Action                   || total
-------------------------++-------
Melee: War axe           ||    92
  Use: Potion            ||     1
Armor: Scale mail        ||    40
Dodge: Dodged            ||    37
Block: Kite shield       ||    55

Table legend: (Time is in decaauts)
 A = Elapsed time spent in this place.
 B = Non-inter-level travel time spent in this place.
 C = Inter-level travel time spent in this place.
 D = Time resting spent in this place.
 E = Time spent auto-exploring this place.
 F = Levels seen in this place.
 G = Mean time per level.
                   A        B        C        D        E       F      G
               +--------+--------+--------+--------+--------+-----+--------+
         Total |   1302 |   1276 |     26 |    255 |    789 |   2 |  651.0 |
       Dungeon |   1302 |   1276 |     26 |    255 |    789 |   2 |  651.0 |
               +--------+--------+--------+--------+--------+-----+--------+

Top non-repeatable levels by time:
     D:1: 1219 daAuts
     D:2: 83 daAuts
